 Dungeon Crawl Stone Soup version 0.18.1-47-g9310371 (console) character file.

4204 Kloppie the Spear-Bearer (level 10, -12/136 HPs)
             Began as a Minotaur Berserker on June 15, 2016.
             Was a High Priest of Trog.
             Mangled by a very large slime creature (44 damage)
             ... on level 10 of the Dungeon.
             The game lasted 00:11:18 (5990 turns).

Kloppie the Spear-Bearer (Minotaur Berserker)       Turns: 5990, Time: 00:11:19

Health: -12/136    AC: 14    Str: 28    XL:     10   Next: 8%
Magic:  9/9        EV: 11    Int:  4    God:    Trog [*****.]
Gold:   269        SH:  0    Dex: 12    Spells: 0 memorised, 9 levels left

rFire  . . .     SeeInvis .     a - +1 trident (chaos)
rCold  + . .     Gourm    .     E - +1 scale mail {rPois}
rNeg   . . .     Faith    +     (no shield)
rPois  +         Spirit   .     s - +1 hat
rElec  .         Dismiss  .     A - +0 cloak
rCorr  +         Reflect  .     C - +0 pair of gloves
SustAt .         Harm     .     o - +0 pair of boots
MR     .....                    u - amulet of faith
Stlth  ..........               D - ring of resist corrosion
                                n - ring of protection from cold

@: berserking, very quick, not resistant to hostile enchantments, extremely
unstealthy
A: retaliatory headbutt, horns 2
a: Berserk, Trog's Hand, Brothers in Arms, Burn Spellbooks, Renounce Religion


You were on level 10 of the Dungeon.
You worshipped Trog.
Trog was extremely pleased with you.
You were not hungry.

You visited 1 branch of the dungeon, and saw 8 of its levels.

You collected 315 gold pieces.
You spent 46 gold pieces at shops.

Inventory:

Hand Weapons
 a - a +1 trident of chaos (weapon)
 y - a +0 halberd
 F - a +0 spear
 J - a +2 antimagic glaive
 N - the +11 Mace of Variability {chaos}
   (You found it on level 7 of the Dungeon)

   Each time it hits an enemy it has a different, random effect.
Armour
 o - a +0 pair of boots (worn)
 s - a +1 hat (worn)
 A - a +0 cloak (worn)
 C - a +0 pair of gloves (worn)
 E - a +1 scale mail of poison resistance (worn)
Jewellery
 n - a ring of protection from cold (left hand)
 u - an amulet of faith (around neck)
 D - a ring of resist corrosion (right hand)
 H - an uncursed amulet of guardian spirit {unknown}
 I - an uncursed ring of flight
 M - an uncursed ring of ice {unknown}
Wands
 e - a wand of polymorph (14/24)
 j - a wand of lightning (9/15)
 l - a wand of random effects (39/48)
 v - a wand of polymorph (7/24)
 w - a wand of iceblast (15/15)
 L - a wand of iceblast (8/15)
Scrolls
 d - 9 scrolls of remove curse
 h - 4 scrolls of recharging
 k - 5 scrolls of enchant weapon
 t - 2 scrolls of enchant armour
 K - a scroll of magic mapping
Potions
 f - 5 potions of invisibility
 m - a potion of heal wounds
 p - a potion of berserk rage
 r - 4 potions of might
 x - a potion of resistance {unknown}
 z - 3 potions of curing {unknown}
 B - a potion of haste {unknown}
 G - a potion of mutation {unknown}
Comestibles
 b - a slice of pizza
 c - 3 bread rations
 g - 7 chunks of flesh
 i - 2 beef jerkies
 q - 3 meat rations


   Skills:
 + Level 9.4 Fighting
 * Level 12.6 Polearms
 + Level 9.0 Armour
 - Level 2.1 Dodging


You had 9 spell levels left.
You didn't know any spells.

Dungeon Overview and Level Annotations

Branches:
Dungeon (7/15)             Temple (0/1) D:4

Altars:
Ashenzari
Dithmenos
Fedhas
Makhleb
Pakellas
Xom
Yredelemnul

Shops:
D:5 *

Annotations:
D:4 exclusion: oklob plant


Innate Abilities, Weirdness & Mutations

You reflexively headbutt those who attack you in melee.
You have a pair of horns on your head.


Message History

The very large slime creature hits you!!
You puncture the very large slime creature!
You heal the very large slime creature.
The very large slime creature is moderately wounded. x2
You puncture the very large slime creature!
The very large slime creature is moderately wounded.
The very large slime creature hits you!!!
* * * LOW HITPOINT WARNING * * *
You hear a bellow!
You are too injured to fight recklessly!
A red film seems to cover your vision as you go berserk!
You feel yourself moving faster!
You feel mighty!
You feel somewhat more hungry.
The very large slime creature hits you but does no damage.
You puncture the very large slime creature!
You burn the very large slime creature.
You headbutt the very large slime creature.
The very large slime creature is heavily wounded.
The very large slime creature hits you!!!
You die...

####################
......(......@J....#
##################.#
..J #..J. ......
.##... # ###


You could see a very large slime creature.

Vanquished Creatures
  The ghost of DrPhoenix the Twirler, an amateur MiGl of Qazlal (D:5)
  Prince Ribbit (D:5)
  Sigmund (D:4)
  A wyvern (D:7)
  Eustachio (D:5)
  The ghost of Gargoyl the Skirmisher, an amateur DsAK of Lugonu (D:4)
  Edmund (D:4)
  Duvessa (D:5)
  A sky beast (D:5)
  2 orc warriors
  6 phantoms
  An ice beast (D:6)
  An ogre (D:4)
  A centaur (D:7)
  Blork the orc (D:6)
  A giant frog (D:6)
  Dowan (D:5)
  2 scorpions (D:7)
  2 howler monkeys (D:6)
  5 crimson imps
  A quasit (D:4)
  2 jellies (D:7)
  6 hounds
  8 orc priests
  2 giant frog skeletons
  8 orc wizards
  2 iguanas (D:4)
  Ijyb (D:2)
  7 worker ants
  2 howler monkey skeletons (D:4)
  11 adders
  10 gnolls
  2 shadow imps
  2 adder skeletons
  2 worms
  6 dart slugs
  3 giant geckos (D:4)
  17 orcs
  4 giant cockroaches
  7 goblins
  8 hobgoblins
  25 jackals
  A quokka (D:2)
  8 bats
  A giant gecko zombie (D:6)
  6 giant newts
  A jackal skeleton (D:5)
  5 kobolds
  A quokka skeleton (D:4)
  3 rats
194 creatures vanquished.

Notes
Turn   | Place    | Note
--------------------------------------------------------------
     0 | D:1      | Kloppie the Minotaur Berserker began the quest for the Orb.
     0 | D:1      | Reached XP level 1. HP: 19/19 MP: 0/0
    35 | D:1      | Reached skill level 4 in Polearms
    97 | D:1      | Reached XP level 2. HP: 13/27 MP: 1/1
   454 | D:1      | Reached XP level 3. HP: 29/33 MP: 2/2
   475 | D:1      | Reached ** piety under Trog
   703 | D:2      | Noticed Ijyb
   713 | D:2      | Reached skill level 5 in Polearms
   732 | D:2      | Killed Ijyb
   732 | D:2      | Reached XP level 4. HP: 23/40 MP: 3/3
   989 | D:2      | Found a shadowy altar of Dithmenos.
  1367 | D:2      | Found a burning altar of Makhleb.
  1369 | D:2      | Noticed a cacodemon
  1542 | D:3      | Reached XP level 5. HP: 47/47 MP: 4/4
  1591 | D:3      | Noticed an orc warrior
  1608 | D:3      | Killed an orc warrior
  1608 | D:3      | Reached skill level 6 in Polearms
  1610 | D:3      | Reached skill level 5 in Fighting
  1612 | D:3      | Reached XP level 6. HP: 12/56 MP: 5/5
  2015 | D:3      | Reached *** piety under Trog
  2450 | D:3      | Reached skill level 7 in Polearms
  2684 | D:4      | Reached XP level 7. HP: 57/62 MP: 6/6
  2743 | D:4      | Found a blossoming altar of Fedhas.
  2743 | D:4      | Noticed Gargoyl's ghost (amateur DsAK)
  2755 | D:4      | Killed Gargoyl's ghost
  2755 | D:4      | Reached skill level 5 in Armour
  2797 | D:4      | Noticed an oklob plant
  2863 | D:4      | Reached skill level 8 in Polearms
  3002 | D:4      | Noticed Sigmund
  3019 | D:4      | Killed Sigmund
  3019 | D:4      | Reached XP level 8. HP: 35/71 MP: 7/7
  3020 | D:4      | Found a staircase to the Ecumenical Temple.
  3326 | D:4      | Reached skill level 9 in Polearms
  3347 | D:4      | Noticed Edmund
  3355 | D:4      | Killed Edmund
  3355 | D:4      | Reached **** piety under Trog
  3767 | D:5      | Entered Level 5 of the Dungeon
  3844 | D:5      | Noticed Eustachio
  3881 | D:5      | Killed Eustachio
  3910 | D:5      | Noticed DrPhoenix's ghost (amateur MiGl)
  3917 | D:5      | Killed DrPhoenix's ghost
  3917 | D:5      | Reached skill level 10 in Polearms
  4332 | D:5      | Found a shattered altar of Ashenzari.
  4332 | D:5      | Noticed Prince Ribbit
  4341 | D:5      | Killed Prince Ribbit
  4341 | D:5      | Reached XP level 9. HP: 65/81 MP: 8/8
  4396 | D:5      | Noticed Duvessa
  4399 | D:5      | Noticed Dowan
  4409 | D:5      | Killed Duvessa
  4410 | D:5      | Killed Dowan
  4410 | D:5      | Reached skill level 11 in Polearms
  4452 | D:5      | Found Uviyg's Assorted Antiques.
  4471 | D:5      | Bought a scroll labeled QOXYT JAYJURR for 23 gold pieces
  4471 | D:5      | Bought a scroll labeled COLLUAPSAT for 23 gold pieces
  4594 | D:5      | Found an oddly glowing altar of Pakellas.
  4600 | D:5      | Found a shimmering altar of Xom.
  4609 | D:5      | Found a basalt altar of Yredelemnul.
  4969 | D:6      | Noticed Blork the orc
  4976 | D:6      | Killed Blork the orc
  5025 | D:6      | Reached ***** piety under Trog
  5337 | D:7      | Received a gift from Trog
  5517 | D:7      | Reached skill level 12 in Polearms
  5721 | D:7      | Reached XP level 10. HP: 91/91 MP: 9/9
  5897 | D:7      | Found a shimmering altar of Xom.
  5898 | D:7      | Found a shimmering altar of Xom.
  5898 | D:7      | Found a shimmering altar of Xom.
  5899 | D:7      | Found a shimmering altar of Xom.
  5899 | D:7      | Found a shimmering altar of Xom.
  5901 | D:7      | Found a shimmering altar of Xom.
  5962 | D:7      | You fall through a shaft for 3 floors!
  5962 | D:10     | Entered Level 10 of the Dungeon
  5990 | D:10     | Mangled by a very large slime creature

Skill      XL: |  1  2  3  4  5  6  7  8  9 10 |
---------------+-------------------------------+-----
Polearms       | 4 5 6 7 8 10 12 | 12.6
Fighting       | 4 5 6 8 9 |  9.4
Armour         | 3 4 5 7 8 9 |  9.0
Dodging        | |  2.1

Action                   |  1- 3 |  4- 6 |  7- 9 | 10-12 || total
-------------------------+-------+-------+-------+-------++-------
Melee: Spear             |    90 |   131 |   108 |       ||   329
       Headbutt          |    18 |    23 |    65 |     6 ||   112
       Trident           |       |       |   253 |    36 ||   289
       Unarmed           |       |       |    17 |       ||    17
Invok: Berserk           |     2 |     2 |     5 |     1 ||    10
       Trog's Hand       |       |       |     1 |       ||     1
  Use: Scroll            |       |       |    18 |       ||    18
 Stab: Confused          |       |       |     1 |       ||     1
       Petrifying        |       |       |     1 |       ||     1
  Eat: Chunk             |       |    10 |    15 |     1 ||    26
Armor: Animal skin       |     6 |       |       |       ||     6
       Scale mail        |    20 |    35 |    91 |     7 ||   153
       Skin              |       |       |    10 |       ||    10
Dodge: Dodged            |    43 |    43 |   107 |     9 ||   202
